 Dungeon Crawl Stone Soup version 0.21.1-1-g345015fe64 (webtiles) character file.

175 Holzbalken the Cudgeler (level 5, 0/41 HPs)
             Began as a Demonspawn Monk on July 16, 2018.
             Succumbed to an adder's poison
             ... on level 3 of the Dungeon.
             The game lasted 00:10:04 (3942 turns).

Holzbalken the Cudgeler (Demonspawn Monk)           Turns: 3942, Time: 00:10:05

Health: 0/41       AC:  7    Str: 12    XL:     5   Next: 29%
Magic:  5/5        EV:  6    Int: 11    God:
Gold:   75         SH: 10    Dex: 18    Spells: 4/4 levels left

rFire    . . .     SeeInvis .   f - +0 flail
rCold    . . .     Gourm    .   q - +0 large shield
rNeg     . . .     Faith    .   k - +0 ring mail
rPois    .         Spirit   .   (helmet restricted)
rElec    .         Reflect  .   (no cloak)
rCorr    .         Harm     .   i - +0 pair of gloves
MR       .....                  j - +0 pair of boots
Stlth    ++........             (no amulet)
HPRegen  0.13/turn              (no ring)
MPRegen  0.09/turn              (no ring)

@: lethally poisoned (0 -> -7)
A: horns 2, thin skeletal structure 1
a: no special abilities


You were on level 3 of the Dungeon.
You were not hungry.

You visited 1 branch of the dungeon, and saw 3 of its levels.

You collected 75 gold pieces.

Inventory:

Hand Weapons
 a - a +0 mace
 f - a +0 flail (weapon)
Armour
 b - a +0 robe
 i - a +0 pair of gloves (worn)
 j - a +0 pair of boots (worn)
 k - a +0 ring mail (worn)
 q - a +0 large shield (worn)
Jewellery
 n - a +2 ring of dexterity {unknown}
 s - an uncursed ring of ice {unknown}
Scrolls
 e - 2 scrolls of teleportation {unknown}
 g - 3 scrolls of amnesia {unknown}
 l - 3 scrolls of identify {unknown}
 m - a scroll of magic mapping {unknown}
 o - a scroll of immolation {unknown}
 r - a scroll of remove curse {unknown}
Comestibles
 c - 5 rations


   Skills:
 - Level 3.0 Fighting
 + Level 5.5 Maces & Flails
 - Level 2.6 Dodging
 - Level 1.7 Stealth


You had 4 spell levels left.
You didn't know any spells.

Dungeon Overview and Level Annotations

Branches:
Dungeon (3/15)

Altars:
Gozag

Annotations:
D:3 Wartorn's ghost, amateur MiFi


Innate Abilities, Weirdness & Mutations

You have a pair of horns on your head.
You have a somewhat thin skeletal structure. (Dex +2, Stealth)


Message History

You miss the adder.
* * * LOW HITPOINT WARNING * * *
You feel sick. You block the adder's attack.
The adder bites you but does no damage.
You closely miss the adder.
You kill the adder!
* * * LOW HITPOINT WARNING * * *
You feel sick.
The kobold throws a stone.
You block the stone.
You thump the hobgoblin!
You kill the hobgoblin!
* * * LOW HITPOINT WARNING * * *
You feel sick.
The kobold throws a stone.
The stone hits you but does no damage.
* * * LOW HITPOINT WARNING * * *
You feel sick. You block the kobold's attack.
Things that are here:
a hobgoblin corpse; an adder corpse You sock the kobold!
You kill the kobold!
You die...

#.##.(....#####.......
#.###)#########.######
....#.##.W<#)#.......#.# #
...#.######(#.......#.# #
..#.# #.#.......#.# #
.####.#.######.#.......#.#
#
...............#.......#.#
#
........########.......#.#
# ........# #(@(.........#
#
.......(#####.##.......###
# .###...........##...####
# #...........##...# #
#...........##...# #
##.#######.###...# # #.
#.###...########### #.
#.#...............# #.
..#.#...#########.#


There were no monsters in sight!

Vanquished Creatures
  Natasha (thrice) (D:3)
  4 adders
  2 worms (D:2)
  A dart slug (D:1)
  3 leopard geckos (D:3)
  5 bats
  3 giant cockroaches (D:1)
  4 hobgoblins
  7 jackals (D:1)
  6 kobolds
  3 frilled lizards (D:2)
  5 goblins
  7 rats
53 creatures vanquished.

Notes
Turn   | Place    | Note
-------+----------+-------------------------------------------
     0 | D:1      | Holzbalken the Demonspawn Monk began the quest for the Orb.
     0 | D:1      | Reached XP level 1. HP: 18/18 MP: 1/1
    46 | D:1      | Reached skill level 3 in Maces & Flails
   191 | D:1      | Gained mutation: You have a pair of small horns on your head. [demonic ancestry]
   191 | D:1      | Reached XP level 2. HP: 2/24 MP: 2/2
  1110 | D:1      | Gained mutation: You have a somewhat thin skeletal structure. (Dex +2, Stealth) [demonic ancestry]
  1110 | D:1      | Reached XP level 3. HP: 28/29 MP: 3/3
  1426 | D:2      | Reached skill level 4 in Maces & Flails
  2684 | D:3      | Noticed Wartorn's ghost (amateur MiFi)
  2693 | D:3      | Found an opulent altar of Gozag.
  2889 | D:3      | Noticed Natasha
  2924 | D:3      | HP: 2/43 [iron imp[Natasha] (3)]
  2928 | D:3      | Killed Natasha
  2928 | D:3      | Gained mutation: You have a pair of horns on your head. [demonic ancestry]
  2928 | D:3      | Reached XP level 4. HP: 7/35 MP: 4/4
  3066 | D:3      | Noticed Natasha
  3281 | D:3      | Killed Natasha
  3281 | D:3      | Reached skill level 5 in Maces & Flails
  3409 | D:3      | Noticed Natasha
  3420 | D:3      | Killed Natasha
  3420 | D:3      | Reached XP level 5. HP: 13/41 MP: 5/5
  3940 | D:3      | HP: 2/41 [poisoned by an adder]
  3942 | D:3      | Succumbed to an adder's poison

Skill      XL: |  1  2  3  4 |
---------------+-------------+-----
Maces & Flails | 3 4 5 |  5.5
Fighting       | |  3.0
Dodging        | |  2.6
Stealth        | |  1.7

Action                   |  1- 3 |  4- 6 || total
-------------------------+-------+-------++-------
Melee: Mace              |    86 |       ||    86
       Headbutt          |    16 |     6 ||    22
       Flail             |    38 |    52 ||    90
  Use: Potion            |     5 |       ||     5
 Stab: Sleeping          |     4 |     1 ||     5
  Eat: Chunk             |     6 |     2 ||     8
       Ration            |       |     1 ||     1
Armor: Robe              |    11 |       ||    11
       Ring mail         |    19 |    24 ||    43
       Skin              |     3 |       ||     3
Dodge: Dodged            |    57 |    12 ||    69
Block: Large shield      |    28 |    38 ||    66
